Map: Lightshade LE

Players

Massa - Winner!

  • Race: Terran Terran
  • League: Platinum
  • Spawn Location: 5:00

prdx

  • Race: Protoss Protoss
  • League: Diamond
  • Spawn Location: 11:00

VOD

Have the link to the VOD?

Description

Time

  • Played on: Feb. 24, 2021, 3:48 p.m.
  • Length: 8:41
Show
View Real Time Build Order
Export as new Build Order

Massa Terran - Winner!

Build Orders: Hellion Banshee 

Get SALT Encoding   

  12  0:00  SCV  
  13  0:12  SCV  
  14  0:20  Supply Depot  
  14  0:25  SCV  
  15  0:42  SCV  
  16  0:43  Barracks  
  16  0:48  Refinery  
  16  0:54  SCV  
  17  1:06  SCV  
  18  1:18  SCV  
  19  1:36  Orbital Command  
  19  1:38  Marine  
  20  1:52  Command Center  
  20  2:01  SCV  
  21  2:09  Supply Depot  
  21  2:16  Factory  
  21  2:17  Barracks Reactor  
  21  2:23  SCV  
  22  2:39  SCV  
  23  2:44  Supply Depot  
  23  2:49  Refinery  
  23  2:51  SCV  
  23  2:54  Marine x2  
  26  3:05  Orbital Command  
  26  3:12  Marine x2  
  26  3:14  SCV  
  29  3:27  Hellion  
  29  3:29  SCV  
  29  3:30  Marine x2  
  33  3:37  Starport  
  33  3:41  SCV  
  33  3:42  Supply Depot  
  33  3:45  SCV  
  33  3:46  Engineering Bay  
  35  3:56  Barracks Tech Lab  
  35  3:58  Hellion x2  
  39  4:11  SCV  
  39  4:12  Supply Depot  
  40  4:19  Hellion x2, Missile Turret  
  40  4:21  Terran Infantry Weapons Level 1  
  44  4:41  Hellion x2  
  42  4:51  Banshee  
  42  4:53  Cloaking Field  
  42  4:55  Barracks Tech Lab  
  42  4:58  SCV x2  
  44  5:01  Refinery  
  44  5:06  Barracks  
  44  5:07  Barracks  
  44  5:10  SCV  
  44  5:12  Widow Mine, Supply Depot  
  44  5:13  Widow Mine  
  49  5:22  Stimpack  
  49  5:24  SCV x2  
  51  5:34  Widow Mine, Banshee  
  56  5:36  SCV x2  
  58  5:48  Marine  
  59  5:51  SCV x2  
  59  5:55  Barracks Tech Lab  
  59  5:56  Barracks Reactor  
  61  5:58  Armory  
  61  6:03  SCV  
  62  6:08  Command Center  
  62  6:12  Widow Mine x2  
  62  6:13  SCV  
  62  6:15  SCV  
  62  6:17  Medivac  
  70  6:25  SCV  
  69  7:34  SCV x2  
  69  7:35  Marauder x2  
  68  7:45  Medivac  
  68  7:46  SCV x2  
  72  7:57  Marauder  
  75  7:58  SCV x2  
  75  8:00  Marine x2  
  71  8:15  Marine x2  
  71  8:18  Marauder, Marine x2  
  72  8:23  SCV x2  
Show
View Real Time Build Order
Export as new Build Order

prdx Protoss 

Build Orders:  

Get SALT Encoding   

  12  0:00  Probe  
  13  0:12  Probe  
  14  0:18  Pylon  
  14  0:24  Probe  
  15  0:36  Gateway  
  15  0:40  Probe (Chrono Boost)  
  16  0:49  Probe (Chrono Boost)  
  17  0:54  Probe (Chrono Boost)  
  17  0:56  Assimilator  
  18  1:11  Probe  
  19  1:23  Probe  
  19  1:25  Cybernetics Core  
  20  1:38  Probe (Chrono Boost)  
  21  1:42  Pylon  
  22  1:47  Probe (Chrono Boost)  
  22  1:48  Gateway  
  22  1:52  Assimilator  
  21  2:02  Warp Gate  
  21  2:04  Adept (Chrono Boost)  
  23  2:09  Probe  
  24  2:21  Probe  
  25  2:26  Nexus  
  25  2:38  Robotics Facility  
  25  2:44  Pylon  
  25  2:57  Stalker  
  27  3:22  Stalker  
  27  3:25  Shield Battery  
  27  3:26  Observer (Chrono Boost)  
  30  3:40  Probe x2  
  32  3:43  Immortal  
  36  3:52  Probe x2  
  38  3:59  Stalker  
  40  4:04  Probe, Gateway  
  40  4:07  Twilight Council  
  41  4:10  Probe  
  42  4:20  Stalker  
  42  4:34  Zealot  
  41  4:47  Stalker  
  41  4:50  Probe (Chrono Boost)  
  45  4:52  Probe (Chrono Boost)  
  45  4:59  Stalker  
  47  5:02  Probe (Chrono Boost), Charge  
  49  5:07  Probe (Chrono Boost)  
  49  5:08  Probe (Chrono Boost)  
  50  5:14  Probe  
  50  5:16  Probe  
  52  5:26  Probe  
  53  5:34  Pylon  
  53  5:36  Pylon  
  53  5:42  Pylon  
  53  5:56  Stalker x3  
  59  6:01  Observer, Forge  
  59  6:10  Nexus  
  59  6:12  Pylon  
  59  6:18  Probe, Gateway  
  59  6:19  Probe  
  59  6:21  Gateway  
  59  6:22  Gateway  
  61  6:30  Probe  
  61  6:31  Probe, Templar Archives  
  62  6:33  Assimilator  
  62  6:35  Observer (Chrono Boost)  
  62  6:37  Protoss Ground Weapons Level 1 (Chrono Boost)  
  62  6:38  Photon Cannon  
  42  7:16  Stalker  
  42  7:19  Probe x2  
  46  7:30  Stalker  
  42  7:45  Probe x2  
  44  8:01  Probe x2  
  32  8:13  Probe  
  27  8:30  Stalker  
  27  8:31  Stalker x2  
Tags
 
Composition
Hellion Banshee
Matchup
PvT
Replay Pack
Multiplayer
Spawn Locations
Cross Positions
Add a new tag
Caveats
  • Supply blocks, unpowered buildings, or Contaminate may cause inaccurate times.
  • Supply counts are checked every 10 seconds.